 Dungeon Crawl Stone Soup version 0.29-a0-330-g52719c12eb (webtiles) character file.

Game seed: 961006891225340920

2 Crownlay the Slasher (level 1, 15/18 HPs)
             Began as a Minotaur Gladiator on May 24, 2022.
             Quit the game on level 1 of the Dungeon.
             The game lasted 00:00:22 (28 turns).

Crownlay the Slasher (Minotaur Gladiator)             Turns: 28, Time: 00:00:23

Health: 15/18      AC:  4    Str: 18    XL:     1   Next: 33%
Magic:  0/0        EV: 12    Int:  5    God:
Gold:   0          SH:  0    Dex: 11    Spells: 0/0 levels left

rFire   . . .      SeeInvis .   a - +0 long sword
rCold   . . .      Faith    .   (no shield)
rNeg    . . .      Spirit   .   b - +0 leather armour
rPois   .          Reflect  .   c - +0 hat
rElec   .          Harm     .   (no cloak)
rCorr   .          Rampage  .   (no gloves)
Will    .....                   g - +0 pair of boots
Stlth   +.........              (no amulet)
HPRegen 0.06/turn               (no ring)
MPRegen 0.07/turn               (no ring)

@: no status effects
A: horns 2, retaliatory headbutt
a: no special abilities


You were on level 1 of the Dungeon.
You visited 1 branch of the dungeon, and saw 1 of its levels.

Inventory:

Hand Weapons
 a - a +0 long sword (weapon)
Missiles
 d - 3 throwing nets (quivered)
 e - a javelin
Armour
 b - a +0 leather armour (worn)
 c - a +0 hat (worn)
 g - a +0 pair of boots (worn)
Potions
 f - 2 potions of cancellation {unknown}


   Skills:
 - Level 2.4 Fighting
 * Level 3.9 Long Blades
 - Level 2.0 Throwing
 - Level 3.2 Dodging


You couldn't memorise any spells.
You didn't know any spells.
Your spell library was empty.

Dungeon Overview and Level Annotations

Branches:
Dungeon (1/15)

Altars:


Innate Abilities, Weirdness & Mutations

You have a pair of horns on your head.
You reflexively headbutt those who attack you in melee.


Message History

Welcome, Crownlay the Minotaur Gladiator.
Will you be the one to retrieve the magnificent Orb of Zot from the depths?
Press ? for a list of commands and other information.
Found a pair of boots and 2 black potions.
Found a staircase leading out of the dungeon.
f - 2 black potions You see here a +0 pair of boots.
g - a +0 pair of boots You start putting on your armour.
You continue putting on your +0 pair of boots. x4
You finish putting on your +0 pair of boots.
A kobold comes into view. It is wielding a +0 short sword.
The kobold moves out of view.
No target in view!
A kobold and a giant cockroach come into view.
The giant cockroach moves out of view.
A rat comes into view.
The kobold barely misses you. You furiously retaliate!
You headbutt the kobold, but do no damage.
You hit the kobold.
You kill the kobold!
The rat bites you but does no damage. The giant cockroach closely misses you.
Things that are here:
a +0 short sword; 2 stones You hit the giant cockroach.
You kill the giant cockroach!
The rat bites you but does no damage.
You closely miss the rat. The rat bites you.
You hit the rat.
You kill the rat!
No target in view!
No target in view!
No target in view!
No target in view!
Are you sure you want to abandon this character and quit the game? (Confirm with "yes".)

##########
#........#
#........# #
#........##.#
#...........#
#....†......#
#.@†.#
#.##..# #.#
.... #.# #..#
##.## ..
#...# . #...#
##...##
#.....#


There were no monsters in sight!

Vanquished Creatures
  A giant cockroach (D:1)
  A kobold (D:1)
  A rat (D:1)
3 creatures vanquished.

Notes
Turn   | Place    | Note
-------+----------+-------------------------------------------
     0 | D:1      | Crownlay the Minotaur Gladiator began the quest for the
                  | Orb.
     0 | D:1      | Reached XP level 1. HP: 18/18 MP: 0/0
    28 | D:1      | Quit the game

Illustrated notes

Levels and vault maps discovered:
D:1:      dpeg_arrival_rhombus, layout_rooms, supply_closet_lemuel

Action                   || total
-------------------------++-------
Melee: Long sword        ||     4
Armor: Leather armour    ||     2
Dodge: Dodged            ||     2

Table legend: (Time is in decaauts)
 A = Elapsed time spent in this place.
 B = Non-inter-level travel time spent in this place.
 C = Inter-level travel time spent in this place.
 D = Time resting spent in this place.
 E = Time spent auto-exploring this place.
 F = Levels seen in this place.
 G = Mean time per level.
                   A        B        C        D        E       F      G
               +--------+--------+--------+--------+--------+-----+--------+
         Total |     28 |     28 |      0 |      0 |      7 |   1 |   28.0 |
       Dungeon |     28 |     28 |      0 |      0 |      7 |   1 |   28.0 |
               +--------+--------+--------+--------+--------+-----+--------+

Top non-repeatable levels by time:
     D:1: 28 daAuts
